 Dungeon Crawl Stone Soup version 0.29.1-15-g9cfb28693d (webtiles) character file.

Game seed: 16629842185802819838

1390 monsoonserge the Trooper (level 8, 0/103 HPs)
             Began as a Palentonga Fighter on Apr 30, 2023.
             Blown up by a gnoll (9 damage)
             ... with a mindburst bolt
             ... on level 5 of the Dungeon.
             The game lasted 00:17:27 (6346 turns).

monsoonserge the Trooper (Palentonga Fighter)       Turns: 6346, Time: 00:17:28

Health: 0/103      AC: 28    Str: 24    XL:     8   Next: 40%
Magic:  8/8        EV:  1    Int:  8    God:
Gold:   236        SH:  4    Dex: 10    Spells: 7/7 levels left

rFire   . . .      SeeInvis +   a - +0 war axe
rCold   . . .      Faith    .   c - +0 buckler
rNeg    . . .      Spirit   .   (body armour currently unavailable)
rPois   +          Reflect  .   (helmet currently unavailable)
rElec   .          Harm     .   (cloak currently unavailable)
rCorr   .          Rampage  .   (gloves currently unavailable)
Will    .....      NoTele   +   (no barding)
Stlth   +.........              (no amulet)
HPRegen 0.27/turn               j - +4 ring of protection
MPRegen 0.11/turn               (no ring)

@: tree-form
A: stationary, stasis, torment immunity, boosted hp, large, rugged brown scales
3, see invisible, (deformed body), (roll 1), (armoured tail), (reflexive curl)
a: no special abilities


You were on level 5 of the Dungeon.
You were a tree.
You visited 2 branches of the dungeon, and saw 6 of its levels.

You collected 236 gold pieces.

Inventory:

Hand Weapons
 a - a +0 war axe (weapon)
 g - a +1 short sword of venom
 p - a +2 short sword of venom
 r - a +0 vampiric dagger
Missiles
 h - 62 stones (quivered)
 B - a throwing net
 H - 5 poisoned darts
Armour
 b - a +2 ring mail of cold resistance
 c - a +0 buckler (worn)
 k - a +0 pair of gloves (melded)
 o - a +0 plate armour
 E - the +1 robe "Riuvvogg" (melded) {-Cast rF+++ rN+}
   (You found it on level 4 of the Dungeon)

   rF:        It renders you almost immune to fire.
   rN:        It protects you from negative energy.
   -Cast:     It prevents spellcasting.
Jewellery
 j - a +4 ring of protection (left branch)
 D - a ring of positive energy
Scrolls
 d - a scroll of silence {unknown}
 f - 5 scrolls of teleportation {unknown}
 l - a scroll of summoning {unknown}
 m - 4 scrolls of enchant armour {unknown}
 t - a scroll of amnesia {unknown}
 u - 2 scrolls of immolation {unknown}
 v - 2 scrolls of fog {unknown}
 w - 10 scrolls of identify {unknown}
 x - a scroll of enchant weapon {unknown}
 y - a scroll of vulnerability {unknown}
 A - 2 scrolls of torment {unknown}
Potions
 e - a potion of curing
 i - 3 potions of flight {unknown}
 n - a potion of heal wounds {unknown}
 q - 2 potions of attraction
 z - a potion of mutation {unknown}
 C - a potion of cancellation {unknown}
 F - a potion of berserk rage {unknown}
 G - a potion of ambrosia {unknown}


   Skills:
 + Level 6.7 Fighting
 - Level 5.0 Axes
 + Level 0.7 Throwing
 - Level 4.0 Armour
 + Level 3.0 Dodging
 + Level 4.5 Shields


You had 7 spell levels left.
You didn't know any spells.
Your spell library contained the following spells:

 Spells                   Type           Power      Damage    Failure   Level
 Apportation              Tloc           0%         N/A       47%         1
 Shock                    Conj/Air       0%         1d3       47%         1
 Static Discharge         Conj/Air       0%         3-3/arc   63%         2
 Ozocubu's Armour         Ice            0%         N/A       85%         3
 Alistair's Intoxication  Tmut/Pois      0%         N/A       100%        5
 Ozocubu's Refrigeration  Ice            0%         4d7       100%        7


Dungeon Overview and Level Annotations

Branches:
Dungeon (5/15)             Temple (1/1) D:5

Altars:
Ashenzari
Cheibriados
Dithmenos
Hepliaklqana
Makhleb
Nemelex Xobeh
Okawaru
Qazlal
Sif Muna
Trog
Vehumet
Yredelemnul
The Shining One

Annotations:
D:5 1 transporter, Jingleheimer's ghost, novice TeFi


Innate Abilities, Weirdness & Mutations

You are a tree.
Your roots penetrate the ground, keeping you stationary.
You cannot be teleported.
You are immune to unholy pain and torment.
Your maximum health is greatly increased.
Your equipment is partially melded.
(You are completely covered in rugged brown scales. (AC +3, +7% HP))
You have supernaturally acute eyesight. (SInv)
((Armour fits poorly on your strangely shaped body.))
((You can roll at nearby foes to attack.))
((You have a long armoured tail.))
((You curl defensively after being hit. (AC +7*)))


Message History

The gnoll bouda is healed somewhat.
Press: ? - help, v - describe, . - travel
Here: a gnoll, wielding a +1 whip of electrocution (covering ground quickly)
The floor.
You hit the gnoll bouda but do no damage.
You tail-slap the gnoll bouda, but do no damage.
The gnoll bouda is heavily wounded.
You hit the gnoll but do no damage.
The gnoll hits you with a +1 whip of electrocution.
* * * LOW HITPOINT WARNING * * *
The gnoll bouda hits you with a +0 war axe.
* * * LOW HITPOINT WARNING * * *
Press: ? - help, v - describe, . - travel
Here: a gnoll, wielding a +1 whip of electrocution (covering ground quickly)
The floor.
You barely miss the gnoll bouda.
The gnoll bouda is heavily wounded.
You hit the gnoll. You block the gnoll's attack.
The gnoll bouda barks out a call to the hunt!
The gnoll picks up the pace!
Really quaff the potion of lignification?
You turn into a tree.
Your +0 pair of gloves melds into your body.
The +1 robe "Riuvvogg" {-Cast rF+++ rN+} melds into your body.
Your roots penetrate the ground.
Your attacks no longer feel as feeble.
You block the gnoll bouda's attack. The gnoll barely misses you. x2
Press: ? - help, v - describe, . - travel, g - get item
Here: a gnoll bouda, wielding a +0 war axe, wearing a +0 ring mail and wearing a ring of the Octopus King {HP+2 MP+9 AC+2 EV+2 SH+2} (heavily wounded)
Items here: a +0 spear; a gnoll corpse.
The floor.
You barely miss the gnoll bouda.
The gnoll bouda is heavily wounded.
You slash the gnoll!
You kill the gnoll!
You slash the gnoll!
The gnoll bouda hits you with a +0 war axe.
* * * LOW HITPOINT WARNING * * *
The gnoll zaps a wand.
Your mind is blasted!
You die...

#..≈≈≈≈≈≈≈≈≈≈≈≈~≈≈≈≈≈≈≈≈≈≈≈≈...#
#).≈≈≈≈≈≈≈≈≈≈≈≈~≈≈≈≈≈≈≈≈≈≈≈≈.#.##
#..≈≈#####...........#####≈≈.....
#..≈≈#..g#.###.©.###.#...#≈≈..##.
#..≈≈#.gg###g#####g###..W#≈≈..##.
#..≈≈###...............###≈≈..##.
#..≈≈.8#.######'######.#8.≈≈..##.
#..≈≈.##.#.g.#8..#.⌠.#.##.≈≈.....
#..~~.#g.' .:#⌠©♣)...'..#.~~...#.
#..≈≈.##.# )[#8gg#.⌠.#.##.≈≈...#.
#..≈≈.8#.######'######.#8.≈≈...##
#..≈≈###...............###≈≈.####
#..≈≈#...###©#####.###...#≈≈.....
#..≈≈#...#.###.©.###.#...#≈≈.###.
#..≈≈#####...........#####≈≈.....
#..≈≈≈≈≈≈≈≈≈≈≈...≈≈≈≈≈≈≈≈≈≈≈.####
#..≈≈≈≈≈≈≈≈≈≈≈...≈≈≈≈≈≈≈≈≈≈≈.# #


You could see a gnoll bouda and a gnoll (swift).

Vanquished Creatures
  Grinder (D:4)
  An orc warrior (D:5)
  An ice beast (D:5)
  4 ogres
  A necrophage (D:5)
  A scorpion (D:5)
  2 orc priests
  A jelly (D:4)
  A gnoll bouda (D:4)
  5 iguanas
  4 orc wizards
  6 gnolls
  5 adders
  2 worms (D:4)
  25 orcs
  6 endoplasms
  8 hobgoblins
  6 jackals
  5 quokkas
  8 ball pythons
  4 bats
  2 frilled lizards
  4 goblins
  10 kobolds
  5 rats
118 creatures vanquished.

Vanquished Creatures (others)
  10 plants
10 creatures vanquished.

Grand Total: 128 creatures vanquished

Notes
Turn   | Place    | Note
-------+----------+-------------------------------------------
     0 | D:1      | monsoonserge the Palentonga Fighter began the quest for the
                  | Orb.
     0 | D:1      | Reached XP level 1. HP: 19/19 MP: 1/1
   625 | D:1      | Reached XP level 2. HP: 25/25 MP: 2/2
  1157 | D:2      | Found a faded altar of an unknown god.
  1213 | D:2      | Reached XP level 3. HP: 31/31 MP: 3/3
  2028 | D:2      | Found a broken altar of Ashenzari.
  2180 | D:3      | Reached XP level 4. HP: 25/37 MP: 4/4
  2187 | D:3      | Found a shadowy altar of Dithmenos.
  2679 | D:3      | Reached XP level 5. HP: 40/43 MP: 5/5
  2706 | D:3      | Got the Anthology of Weather
  3283 | D:4      | Noticed an ogre
  3291 | D:4      | Killed an ogre
  3292 | D:4      | Reached XP level 6. HP: 15/51 MP: 6/6
  3296 | D:4      | HP: 2/51 [gnoll/+0 spear[a gnoll bouda] (4)]
  3652 | D:4      | Reached skill level 5 in Axes
  3848 | D:4      | Reached skill level 4 in Fighting
  4336 | D:4      | Identified the +1 robe "Riuvvogg" {-Cast rF+++ rN+}
  4351 | D:4      | Noticed Grinder
  4358 | D:4      | Gained mutation: You curl defensively after being hit. (AC
                  | +7*) [Palentonga growth]
  4358 | D:4      | Reached XP level 7. HP: 51/58 MP: 7/7
  4362 | D:4      | Killed Grinder
  4363 | D:4      | Reached skill level 5 in Fighting
  4363 | D:4      | Reached skill level 1 in Dodging
  4786 | D:5      | Entered Level 5 of the Dungeon
  4804 | D:5      | Found a transporter.
  4982 | D:5      | Reached skill level 6 in Fighting
  4982 | D:5      | Reached XP level 8. HP: 29/68 MP: 8/8
  5112 | D:5      | Noticed Jingleheimer's ghost (novice TeFi)
  5320 | D:5      | Found a transporter.
  5415 | D:5      | HP: 3/69 [orc/+0 whip (2)]
  5923 | D:5      | Found a staircase to the Ecumenical Temple.
  5935 | Temple   | Entered the Ecumenical Temple
  6211 | D:5      | Found the ring of the Octopus King {HP+2 MP+9 AC+2 EV+2
                  | SH+2}
  6346 | D:5      | Blown up by a gnoll

Illustrated notes

Levels and vault maps discovered:
D:1:      mrwooster_arrival_statue_2, layout_basic
D:2:      layout_loops_corners, basic_altar, serial_forest,
          infiniplex_forest_straight_3, infiniplex_forest_clump_curved,
          infiniplex_forest_straight_2, infiniplex_forest_end_1,
          infiniplex_forest_fountain, infiniplex_forest_clump_large,
          nicolae_ecumenical_pavilion, chequers_garden, minmay_diced_spiral
D:3:      layout_basic, old_standard_altar, palyth_stone_intersect,
          minmay_ruptured
D:4:      layout_basic, chequers_serial_rivers_micro_c, uniq_grinder
D:5:      layout_loops_ring, minmay_temple_entry_mini_moons,
          gammafunk_ghost_gnarly_gnolls
Temple:   nicolae_temple_no_exploring_needed

Skill      XL: |  1  2  3  4  5  6  7  8 |
---------------+-------------------------+-----
Shields        | 3 4 |  4.5
Axes           | 3 4 5 |  5.0
Armour         | 3 4 |  4.0
Fighting       | 4 6 |  6.7
Dodging        | 2 3 |  3.0
Throwing       | |  0.7

Action                   |  1- 3 |  4- 6 |  7- 9 || total
-------------------------+-------+-------+-------++-------
Melee: War axe           |    93 |   141 |   105 ||   339
       Tailslap          |    11 |    17 |    16 ||    44
Throw: Stone             |       |     2 |     3 ||     5
 Abil: Rolling Charge    |    29 |    27 |    11 ||    67
  Use: Potion            |       |     3 |     4 ||     7
Armor: Scale mail        |    18 |       |       ||    18
       Chain mail        |    36 |    69 |       ||   105
       Robe              |       |       |    39 ||    39
Dodge: Dodged            |    26 |    27 |    39 ||    92
Block: Buckler           |    18 |    30 |    19 ||    67
